 Dungeon Crawl Stone Soup version 0.17-a0-1621-gfc7a675 (console) character file.

1934 Monkaria the Covert (level 8, -8/39 HPs)
             Began as a Felid Berserker on Aug 1, 2015.
             Was a High Priest of Trog.
             Asphyxiated
             ... on level 8 of the Dungeon.
             The game lasted 00:12:49 (6779 turns).

Monkaria the Covert (Felid Berserker)               Turns: 6779, Time: 00:12:50

Health: -8/39      AC:  2    Str: 16    XL:     8   Next: 97%
Magic:  9/9        EV: 26    Int:  8    God:    Trog [*****.]
Gold:   88         SH:  0    Dex: 18    Spells: 0 memorised, 7 levels left
                                        Lives:  0   Deaths: 2

rFire  . . .     SeeInvis +       - Unarmed
rCold  + . .     Clarity  .     (armour unavailable)
rNeg   . . .     SustAt   .     (shield unavailable)
rPois  .         Gourm    .     (helmet unavailable)
rElec  .         Spirit   .     (cloak unavailable)
rCorr  .         Warding  .     (gloves unavailable)
rMut   .         Stasis   .     (boots unavailable)
MR     +....                    (no amulet)
Stlth  ++++++....               y - ring "Uphumeoh" {+Inv Dex+2}
                                d - ring of protection from cold

@: lethally poisoned (-8 -> -18), slowed, slow, somewhat resistant to hostile
enchantments, very stealthy
A: no armour, no weapons or thrown items, claws 1, fangs 3, see invisible,
carnivore 3, speed 1, shaggy fur 2, slow metabolism 1, sharp paws
a: Burn Spellbooks, Berserk, Trog's Hand, Brothers in Arms, Renounce Religion,
Evoke Invisibility


You were on level 8 of the Dungeon.
You worshipped Trog.
Trog was extremely pleased with you.
You were not hungry.

You visited 2 branches of the dungeon, and saw 9 of its levels.

You collected 448 gold pieces.
You spent 360 gold pieces at shops.

Inventory:

Jewellery
 c - an uncursed ring of ice
 d - a ring of protection from cold (left paw)
 i - a +3 ring of intelligence
 j - a +5 ring of intelligence
 n - an uncursed ring of see invisible
 o - an uncursed ring of fire
 w - a +3 ring of intelligence
 y - the ring "Uphumeoh" (right paw) {+Inv Dex+2}
   (You bought it in a shop on level 5 of the Dungeon)

   [ring of invisibility]

   It affects your dexterity (+2).
   It lets you turn invisible.
 C - an uncursed ring of teleportation
Magical devices
 k - a wand of invisibility (6)
 u - a wand of invisibility (8)
 F - a wand of polymorph (17)
 H - a wand of flame (21)
 I - a wand of lightning (10)
Scrolls
 e - a scroll of blinking
 f - a scroll of enchant armour
 h - a scroll of fog
 l - 2 scrolls of recharging
 m - 4 scrolls of teleportation
 p - 2 scrolls of remove curse
 q - 3 scrolls of fear {unknown}
 A - a scroll of immolation {unknown}
 D - 2 scrolls of magic mapping {unknown}
 E - a scroll of amnesia {unknown}
Potions
 g - a potion of cancellation
 r - a potion of lignification
 t - a potion of might
 x - a potion of agility
 G - a potion of invisibility
 J - a potion of magic {unknown}
 K - a potion of brilliance
 L - a potion of flight
Books
 z - a book of Annihilations

   Spells                             Type                      Level
   a - Poison Arrow                   Conjuration/Poison           6
   b - Chain Lightning                Conjuration/Air              8
   c - Lehudib's Crystal Spear        Conjuration/Earth            8
   d - Glaciate                       Conjuration/Ice              9
   e - Fire Storm                     Conjuration/Fire             9
   Trog disapproves of the use of such an item.
Miscellaneous
 B - a plain deck of wonders
Comestibles
 a - 6 meat rations
 b - 6 beef jerkies
 s - a slice of pizza


   Skills:
 + Level 6.4 Fighting
 - Level 10.0 Dodging
 - Level 10.3 Stealth
 - Level 8.1 Unarmed Combat


You had 7 spell levels left.
You didn't know any spells.

Dungeon Overview and Level Annotations

Branches:
Dungeon (8/15)             Temple (1/1) D:4
   Lair: D:8-11

Altars:
Ashenzari
Cheibriados
Dithmenos
Elyvilon
Fedhas
Gozag
Makhleb
Nemelex Xobeh
Okawaru
Qazlal
Ru
Sif Muna
Trog
Vehumet
Xom
Zin
The Shining One

Shops:
D:5 *   D:7 *


Innate Abilities, Weirdness & Mutations

You cannot wear armour.
You are incapable of wielding weapons or throwing items.
You have sharp claws.
You have razor-sharp teeth.
You have supernaturally acute eyesight.
You are carnivorous and can eat meat at any time.
You cover ground quickly.
You are covered in thick fur (AC +2).
You have a slow metabolism.
Your sharp claws are effective at attacking unaware monsters.


Message History

Your ogre goes berserk!
You feel somewhat more hungry.
Your skin stops crawling.
You feel less resistant to hostile enchantments.
The gnoll hits you with a club.
* * * LOW HITPOINT WARNING * * *
The gnoll barely misses your ogre.
Your ogre closely misses the gnoll.
The gnoll hits your ogre!
Found 19 stones.
Your ogre hits the gnoll with a giant club!!!
The gnoll dies!
Trog accepts your kill. The gnoll hits your ogre with a club!
Your ogre hits the gnoll with a giant club!
The gnoll hits your ogre with a club.
The kobold shoots a curare-tipped needle.
The curare-tipped needle hits you.
You are lethally poisoned!
You have difficulty breathing.
You die...

#.(. ###. #... .. #...
##.#.###. ..# #.#. . ...##.#
#.(### #.#. #.#..##.# #..#≈#
##.#. #.#..##%# #..#≈# #..#.
#...(...####<.# #..).
##ggK##......# #...#
#..#O.@......######...# .#.
#)Kr.##...>.......#.#.#
..r..##)########..........#..
P.P...†(# #....#.######.
PP.P....# #....#.# ####.
P...P...# #....#.. #....
.P.P.P... #######.##.##.
####P.P.. .## #. +..?..# .#
#.


You could see 2 gnolls, 2 kobolds, a rat and a friendly ogre (berserk).

Vanquished Creatures
  A troll (D:5)
  Sigmund (D:3)
  Eustachio (D:4)
  A hippogriff (D:5)
  Menkaure (D:4)
  Duvessa (D:7)
  A sky beast (D:6)
  A phantom (D:7)
  6 ogres
  2 centaurs
  An ice beast (D:6)
  2 big kobolds
  Dowan (D:7)
  2 jellies
  3 crimson imps
  A centaur zombie (D:6)
  A giant frog zombie (D:7)
  The ghost of Monkaria the Ducker, a weakling FeBe of Trog (D:3)
  5 orc priests
  10 orc wizards
  Jessica (D:2)
  3 centaur skeletons
  A worker ant (D:4)
  Natasha (thrice) (D:4)
  2 iguanas
  A giant frog skeleton (D:5)
  A hound zombie (D:7)
  14 gnolls
  12 adders
  2 river rats (D:8)
  A shadow imp (D:6)
  2 oozes (D:2)
  An adder zombie (D:8)
  2 worms
  7 giant geckos
  33 orcs
  2 giant cockroaches
  9 hobgoblins
  2 ball pythons
  14 bats
  2 giant gecko skeletons
  3 giant newts
  7 goblins
  8 jackals
  12 kobolds
  3 quokkas
  11 rats
202 creatures vanquished.

Vanquished Creatures (collateral kills)
  A gnoll (D:8)
1 creature vanquished.

Grand Total: 203 creatures vanquished

Notes
Turn   | Place    | Note
--------------------------------------------------------------
     0 | D:1      | Monkaria the Felid Berserker began the quest for the Orb.
     0 | D:1      | Reached XP level 1. HP: 10/10 MP: 2/2
     2 | D:1      | Noticed a demonspawn
     2 | D:1      | Noticed a naga
     4 | D:1      | Noticed a vine stalker
     4 | D:1      | Noticed a minotaur
     6 | D:1      | Noticed a demigod
     8 | D:1      | Noticed a draconian
     8 | D:1      | Noticed an elf
    10 | D:1      | Noticed a dwarf
    10 | D:1      | Noticed a gargoyle
    12 | D:1      | Noticed a vampire
    12 | D:1      | Noticed an ogre
    14 | D:1      | Noticed a felid
    14 | D:1      | Noticed a ghoul
    16 | D:1      | Noticed a merfolk
    16 | D:1      | Noticed a formicid
    20 | D:1      | Noticed a human
    20 | D:1      | Noticed a tengu
    22 | D:1      | Noticed a spriggan
    24 | D:1      | Noticed a troll
    24 | D:1      | Noticed an octopode
    26 | D:1      | Noticed a centaur
    65 | D:1      | Reached XP level 2. HP: 11/14 MP: 3/3
   134 | D:1      | Reached skill level 5 in Dodging
   274 | D:1      | Acquired Trog's second power
   352 | D:1      | Reached XP level 3. HP: 12/17 MP: 4/4
   548 | D:2      | Reached skill level 6 in Dodging
   649 | D:2      | Noticed Jessica
   650 | D:2      | Killed Jessica
   650 | D:2      | Reached XP level 4. HP: 16/21 MP: 5/5
   709 | D:2      | Found a radiant altar of Vehumet.
   879 | D:2      | Found an iron altar of Okawaru.
  1077 | D:2      | Reached skill level 7 in Dodging
  1277 | D:3      | Reached skill level 1 in Stealth
  1293 | D:3      | Reached XP level 5. HP: 16/24 MP: 6/6
  1452 | D:3      | Noticed Monkaria's ghost (weakling FeBe)
  1459 | D:3      | Killed Monkaria's ghost
  1878 | D:3      | Noticed Sigmund
  1954 | D:3      | Killed Sigmund
  1954 | D:3      | Gained mutation: You are covered in thick fur (AC +2). [Felid growth]
  1954 | D:3      | Reached XP level 6. HP: 28/28 MP: 7/7
  2328 | D:3      | HP: 1/28 [orc wizard/magic dart (7)]
  2332 | D:3      | Killed from afar by an orc wizard
  2333 | D:3      | Reached XP level 5. HP: 0/36 MP: 6/6
  2529 | D:3      | Found an opulent altar of Gozag.
  2565 | D:4      | Noticed an ogre
  2570 | D:4      | Killed an ogre
  2570 | D:4      | Reached skill level 8 in Stealth
  2570 | D:4      | Reached XP level 6. HP: 28/28 MP: 7/7
  2571 | D:4      | Noticed Eustachio
  2643 | D:4      | Killed Eustachio
  2643 | D:4      | Reached skill level 9 in Stealth
  2955 | D:4      | Found a staircase to the Ecumenical Temple.
  2981 | Temple   | Entered the Ecumenical Temple
  3114 | D:4      | Noticed Menkaure
  3122 | D:4      | Killed Menkaure
  3122 | D:4      | Reached skill level 10 in Stealth
  3122 | D:4      | Reached XP level 7. HP: 31/31 MP: 8/8
  3138 | D:4      | Noticed Natasha
  3144 | D:4      | Killed Natasha
  3186 | D:4      | Noticed Natasha
  3203 | D:4      | Killed Natasha
  3460 | D:4      | Noticed Natasha
  3467 | D:4      | Killed Natasha
  3495 | D:4      | Noticed an ogre
  3644 | D:4      | Killed an ogre
  3834 | D:4      | Found a blossoming altar of Fedhas.
  3931 | D:5      | Entered Level 5 of the Dungeon
  3943 | D:5      | Noticed a troll
  3948 | D:5      | Killed a troll
  3948 | D:5      | Reached skill level 5 in Unarmed Combat
  3948 | D:5      | Reached XP level 8. HP: 34/34 MP: 9/9
  4006 | D:5      | Acquired Trog's third power
  4289 | D:5      | Found Cooxka Isau's Assorted Antiques.
  4292 | D:5      | Bought a translucent brass ring for 125 gold pieces
  4292 | D:5      | Bought a scroll of identify for 50 gold pieces
  4292 | D:5      | Bought a scroll labeled HYSCHE YLOSAO for 25 gold pieces
  4294 | D:5      | Identified the ring "Uphumeoh" {+Inv Dex+2} (You bought it in a shop on level 5 of the Dungeon)
  5302 | D:6      | Reached XP level 9. HP: 34/37 MP: 10/10
  5647 | D:6      | Reached skill level 10 in Dodging
  5912 | D:7      | Found Matseot's General Store.
  5930 | D:7      | Bought a potion of cancellation for 128 gold pieces
  5930 | D:7      | Bought a scroll of identify for 32 gold pieces
  6052 | D:7      | Noticed Duvessa
  6052 | D:7      | Noticed Dowan
  6064 | D:7      | Killed Duvessa
  6075 | D:7      | Killed from afar by Dowan
  6076 | D:7      | Reached XP level 8. HP: -4/36 MP: 9/9
  6199 | D:7      | Killed Dowan
  6219 | D:7      | Reached skill level 5 in Fighting
  6632 | D:8      | Found a snail-covered altar of Cheibriados.
  6775 | D:8      | HP: 1/39 [gnoll/club (5)]
  6779 | D:8      | Asphyxiated

Vault maps used:
D:1:      kb_arrival_jail
D:2:      lemuel_coloured_pillars_altar, okawaru_ov_weapons_minmay, uniq_jessica
D:3:      kennysheep_six_static_rooms, nicolae_overflow_hidden_temple,
          uniq_sigmund
D:4:      fedhas_altar_4, minmay_temple_entry_trees, first_bread,
          grunt_ministairs_13, kennysheep_generic_room_6, uniq_eustachio,
          uniq_menkaure, uniq_natasha
D:5:      serial_shops, kennysheep_mini_moat, hangedman_decor_riveting
D:6:      minmay_bad_closet, amalloy_card_club
D:7:      serial_shops, shop_fountains, uniq_duvessa
D:8:      lemuel_crystal_altar, overflow_temple_1_default,
          grunt_lair_entry_elf_guard_hut, serial_aquarium,
          aquarium_bridge_straight, aquarium_window_fake, aquarium_window_fake,
          aquarium_view_2e, aquarium_view_2c, grunt_pizzeria
Temple:   eino_narrow_crystal_temple_b_12

Action                   |  1- 3 |  4- 6 |  7- 9 || total
-------------------------+-------+-------+-------++-------
Melee: Unarmed           |    73 |   223 |   308 ||   604
Invok: Berserk           |       |     6 |     7 ||    13
       Trog's Hand       |       |     4 |     4 ||     8
       Brothers in Arms  |       |       |     1 ||     1
Evoke: Wand              |       |       |     1 ||     1
  Use: Potion            |       |     4 |     1 ||     5
       Scroll            |       |       |    14 ||    14
 Stab: Sleeping          |     5 |    12 |    19 ||    36
       Distracted        |       |       |     3 ||     3
  Eat: Chunk             |     6 |    16 |    14 ||    36
